 Dungeon Crawl Stone Soup version 0.15.2 (webtiles) character file.

47 Huymann the Insei (level 3, -2/28 HPs)
             Began as a Draconian Transmuter on Feb 16, 2015.
             Was an Initiate of Vehumet.
             Killed by divine providence
             ... invoked by an orc priest
              (11 damage)
             ... on Level 3 of the Dungeon.
             The game lasted 00:09:11 (1617 turns).

Huymann the Insei (Draconian Transmuter)            Turns: 1617, Time: 00:09:11

HP  -2/28        AC  5     Str 12      XL: 3   Next: 48%
MP   4/6         EV 12     Int 13      God: Vehumet [......]
Gold 91          SH  0     Dex 12      Spells:  1 memorised,  5 levels left

rFire  . . .     SeeInvis .       - Unarmed
rCold  . . .     Clarity  .     (armour unavailable)
rNeg   . . .     rCorr    .     (no shield)
rPois  .         rRot     .     (helmet restricted)
rElec  .         Spirit   .     (no cloak)
SustAb .         Warding  .     (no gloves)
rMut   .         Stasis   .     (no boots)
Gourm  .                        (no amulet)
MR     .....                    (no ring)
                                (no ring)

@: appendage (expiring), very slightly contaminated, not resistant to hostile
enchantments, very unstealthy
A: unfitting armour, horns 2, cold-blooded, AC +5
a: End Transformation, Renounce Religion


You were on level 3 of the Dungeon.
You worshipped Vehumet.
Vehumet was noncommittal.
You were not hungry.
You had grown temporary horns.
You visited 1 branch of the dungeon, and saw 3 of its levels.

You collected 91 gold pieces.

Inventory:

Hand weapons
 m - a +3 dagger of draining
Missiles
 b - 12 arrows
 g - 2 poisoned tomahawks (quivered)
Magical devices
 j - a wand of flame (23)
Comestibles
 a - 2 bread rations
 f - 2 fruits
 h - a chunk of jackal flesh
 i - a beef jerky
Scrolls
 c - a scroll of identify
 k - a scroll of teleportation
 l - 3 scrolls of enchant armour
Potions
 o - a potion of brilliance
 q - a potion of heal wounds {unknown}
Books
 d - a book of Changes

   Spells                             Type                      Level
   *Beastly Appendage                 Transmutation                1
   Sticks to Snakes                   Transmutation                2
   Spider Form                        Transmutation/Poison         3
   Ice Form                           Ice/Transmutation            4
   Blade Hands                        Transmutation                5


   Skills:
 * Level 1.4 Fighting
 * Level 2.3 Dodging
 * Level 0.4 Stealth
 * Level 3.8 Unarmed Combat
 * Level 2.1 Spellcasting
 * Level 2.0 Transmutations


You had 5 spell levels left.
You knew the following spells:

 Your Spells              Type           Power        Failure   Level  Hunger
a - Beastly Appendage     Trmt           #.....       12%         1    ##.....


Dungeon Overview and Level Annotations

Branches:
Dungeon (3/15)

Altars:
Vehumet


Innate Abilities, Weirdness & Mutations

Your plain brown scales are hard (AC +5).
Your body does not fit into most forms of armour.
Your cold-blooded metabolism reacts poorly to cold.
You have a pair of horns on your head.


Message History

Your transformation is almost over.
The orc priest closely misses you.
You see here a hand axe of distortion.
You hit the orc priest but do no damage.
You tail-slap the orc priest, but do no damage.
You hit the orc priest but do no damage.
Your headbutt misses the orc priest.
Your tail-slap misses the orc priest.
The orc priest hits you with a trident.
You hit the orc priest.
The orc priest is heavily wounded.
The orc priest barely misses you.
You closely miss the orc priest.
The orc priest is heavily wounded.
The orc priest mumbles some strange prayers to Beogh against you.
You barely resist. You barely miss the orc priest.
The orc priest is heavily wounded.
The orc priest invokes the aid of Beogh against you.
Something smites you!
You die...

.......
.......#
........#
........#
.......>#
o........####
...o....o...#
........###o#
..####. #@#
#. #.# #. #.#
#. #.#
########## #.
#.#
#......... #.
#.#
#.######## .
#.# #.# #.#
#.# #.# #.#


You could see an orc priest.

Vanquished Creatures
  A gnoll (D:1)
  A giant mite (D:2)
  3 giant geckos (D:2)
  2 orcs (D:3)
  5 hobgoblins
  3 jackals (D:3)
  2 bats
  3 goblins
  6 kobolds
  A rat (D:1)
27 creatures vanquished.

Notes
Turn   | Place    | Note
--------------------------------------------------------------
     0 | D:1      | Huymann, the Draconian Transmuter, began the quest for the Orb.
     0 | D:1      | Reached XP level 1. HP: 16/16 MP: 3/3
   171 | D:1      | Reached XP level 2. HP: 23/23 MP: 4/4
  1042 | D:2      | Found a radiant altar of Vehumet.
  1045 | D:2      | Reached XP level 3. HP: 18/28 MP: 6/6
  1206 | D:2      | Became a worshipper of Vehumet
  1617 | D:3      | Killed from afar by an orc priest

Action                   || total
-------------------------++-------
Melee: Unarmed           ||    87
 Cast: Beastly Appendage ||     2
Evoke: Wand              ||     1
  Use: Scroll            ||     6
  Eat: Chunk             ||     2
